 Dungeon Crawl Stone Soup version 0.31-a0-986-g5e6e4ef867 (webtiles) character file.

Game seed: 13056156212702508130

11863 croobank the Nimble (level 11, -6/49 HPs)
             Began as a Felid Fighter on Nov 3, 2023.
             Was a Priest of Hepliaklqana.
             Killed from afar by a fire dragon (39 damage)
             ... with a blast of flame
             ... on level 11 of the Dungeon.
             The game lasted 00:42:49 (11312 turns).

croobank the Nimble (Felid Fighter)                Turns: 11312, Time: 00:42:49

Health: -6/49      AC:  2    Str: 14    XL:     11   Next: 54%
Magic:  26/26      EV: 25    Int: 11    God:    Hepliaklqana [***...]
Gold:   592        SH:  0    Dex: 17    Spells: 10/10 levels left
                                        Lives:  0   Deaths: 4

rFire   . .          .
                       - Unarmed
rCold   . . .        (shield unavailable)
rNeg    . . .        (body armour unavailable)
rPois   .            (helmet unavailable)
rElec   .            (cloak unavailable)
rCorr   .            (gloves unavailable)
SInv    +            (boots unavailable)
Will    +....        p - amulet of regeneration
Stlth   +            i - ring of magical power
HPRegen 1.08/turn    (no ring)
MPRegen 0.20/turn

%: no passive effects
@: flux-form, glowing, studying Fighting, quick
A: glow, contaminating, reduced essence, very small, claws 1, fangs 3, see
invisible, speed 1, shaggy fur 2, stealthy paws, no weapons or thrown items, no
armour, multi-lived
a: Begin Untransformation, Renounce Religion, Recall Ancestor, Ancestor
Identity, Transference


You were on level 11 of the Dungeon.
You worshipped Hepliaklqana.
Hepliaklqana was most pleased with you.
You were something dangerously unstable.
You visited 2 branches of the dungeon, and saw 13 of its levels.

You collected 592 gold pieces.

Inventory:

Jewellery
 b - an amulet of magic regeneration
 i - a ring of magical power (left paw)
 p - an amulet of regeneration (around neck)
 r - a ring of ice
Talismans
 a - a blade talisman
 f - a flux talisman (active)
Wands
 n - a wand of iceblast (5)
 u - a wand of flame (21)
Scrolls
 j - a scroll of vulnerability
 k - 6 scrolls of fog
 m - 5 scrolls of teleportation
 y - a scroll of silence
Potions
 c - a potion of degeneration
 d - 2 potions of magic
 e - 2 potions of resistance
 g - 3 potions of mutation
 h - 4 potions of curing
 l - 2 potions of brilliance {unknown}
 o - 2 potions of heal wounds {unknown}
 t - 3 potions of attraction {unknown}
 v - 2 potions of lignification {unknown}
 w - a potion of haste {unknown}
 x - a potion of enlightenment {unknown}


   Skills:
 + Level 11.2 Fighting
 + Level 11.5 Dodging
 + Level 9.2 Unarmed Combat
 * Level 7.5 Invocations
 * Level 9.1 Shapeshifting


You had 10 spell levels left.
You didn't know any spells.
Your spell library contained the following spells:

 Spells                   Type           Power      Damage    Failure   Level
 Freeze                   Ice            0%         1d3       34%         1
 Blink                    Tloc           0%         N/A       47%         2
 Lesser Beckoning         Tloc           0%         N/A       47%         2
 Scorch                   Fire           0%         2d5       47%         2
 Frozen Ramparts          Ice            0%         1d1       71%         3
 Gell's Gravitas          Tloc           0%         N/A       71%         3
 Hailstorm                Conj/Ice       0%         3d3       71%         3
 Inner Flame              Hex/Fire       0%         N/A       71%         3
 Summon Guardian Golem    Hex/Summ       0%         N/A       71%         3
 Teleport Other           Tloc           0%         N/A       71%         3
 Brom's Barrelling Bould  Conj/Erth      0%         2d3       98%         4
 Flame Wave               Conj/Fire      0%         2d4       98%         4
 Manifold Assault         Tloc           0%         N/A       98%         4
 Sticky Flame             Conj/Fire      0%         2d3       98%         4
 Summon Lightning Spire   Summ/Air       0%         N/A       98%         4
 Fireball                 Conj/Fire      0%         3d3       100%        5
 Iskenderun's Battlesphe  Conj           0%         2d6       100%        5
 Lee's Rapid Deconstruct  Erth           0%         3d4*      100%        5
 Conjure Ball Lightning   Conj/Air       0%         3x3d6     100%        6
 Summon Cactus Giant      Summ           0%         N/A       100%        6
 Orb of Destruction       Conj           0%         9d5       100%        7
 Spellforged Servitor     Conj/Summ      0%         N/A       100%        7
 Animate Armour           Summ/Erth      Unusable   N/A       N/A         4

Dungeon Overview and Level Annotations

Branches:
Dungeon (12/15)            Temple (1/1) D:7
   Lair: D:8-11         Orc: D:9-12

Altars:
Ashenzari
Cheibriados
Dithmenos
Elyvilon
Fedhas
Gozag
Hepliaklqana
Kikubaaqudgha
Makhleb
Nemelex Xobeh
Okawaru
Qazlal
Ru
Sif Muna
Trog
Uskayaw
Vehumet
Wu Jian
Xom
Yredelemnul
Zin
The Shining One

Shops:
D:6 [   D:10 [

Annotations:
D:5 Edmund


Innate Abilities, Weirdness & Mutations

You are something dangerously unstable.
You glow with magical radiation, making you easy to see and hit.
Foes you strike become dangerously contaminated with magical radiation.
Your life essence is reduced to manifest your ancestor. (-10% HP)
You have sharp claws.
You have razor-sharp teeth.
You have supernaturally acute eyesight. (SInv)
You cover ground quickly. (Speed+)
You are covered in thick fur. (AC +2)
Your paws help you pounce on unaware monsters.
You are incapable of wielding weapons or throwing items.
You cannot wear armour.
You gain extra lives every three experience levels.


Message History

Found two stone staircases leading up.
Found a pair of gloves.
You scratch the rat.
The rat begins to glow.
The rat is severely wounded.
You claw the rat!
You kill the rat!
No target in view!
Found a sling.
The deep elf pyromancer gestures wildly while chanting.
The fire elemental completely misses you.
The deep elf pyromancer hits Lucius with a +0 long sword.
The fire elemental misses you.
Lucius hits the deep elf pyromancer with a +0 quarterstaff!
The deep elf pyromancer hits Lucius with a +0 long sword.
Lucius misses the deep elf pyromancer.
The deep elf pyromancer hits Lucius with a +0 long sword!
Lucius hits the deep elf pyromancer with a +0 quarterstaff.
The fire elemental barely misses Lucius.
You scratch the deep elf pyromancer.
The deep elf pyromancer begins to glow.
You bite the deep elf pyromancer, but do no damage.
The deep elf pyromancer is moderately wounded.
The deep elf pyromancer misses you.
The fire elemental hits Lucius.
The fire elemental burns Lucius!
Lucius resists.
Lucius barely misses the deep elf pyromancer.
You claw the deep elf pyromancer!
The deep elf pyromancer glows dangerously bright.
The deep elf pyromancer is severely wounded.
The fire elemental closely misses Lucius.
The deep elf pyromancer points at you and mumbles some strange words.
The bolt of fire hits you!!
Lucius hits the deep elf pyromancer with a +0 quarterstaff!
You scratch the deep elf pyromancer.
You kill the deep elf pyromancer!
The fire elemental disappears in a puff of smoke!
The fire dragon roars deafeningly!
The fire dragon breathes flames at you. The blast of flame hits you!!!
Ouch! That really hurt!
You die...

........#...##..#)..........##
...######.......#....######.#
.. ##.....##...## #... .
#.....###...# ....
#.D...##..#.# ....
#.....#...#.# ..#.
#...........# ...
#.....#.#...####
####p..........## ####
##.R[..........#
...##...§...........
#......<.°.........
##.................
#.................
#####.#.<.............
###.....##.........)...#
#.........†.....#.....##


You could see the friendly Lucius the battlemage and a fire dragon (catching
breath, ally target).

Vanquished Creatures
  2 two-headed ogres (D:10)
  2 death yaks (D:11)
  Pikel (D:9)
  A deep elf pyromancer (D:11)
  A cyclops (D:11)
  Maurice (D:9)
  2 gargoyles
  A kobold demonologist (D:10)
  2 trolls (D:9)
  Prince Ribbit (D:6)
  A wraith (D:10)
  9 yaks
  3 wyverns
  Duvessa (D:7)
  An ice beast (D:3)
  An orc warrior (D:11)
  2 ogres
  2 centaurs
  4 phantoms
  2 kobold brigands
  Blork the orc (D:6)
  3 bullfrogs
  A scorpion (D:5)
  Dowan (D:7)
  7 wights
  13 killer bees
  A howler monkey (D:4)
  2 jellies
  7 hounds
  3 orc priests
  A gnoll bouda (D:6)
  2 iguanas
  7 orc wizards
  14 gnolls
  5 adders
  A shadow imp (D:5)
  2 white imps
  2 ufetubi (D:6)
  3 worms
  3 dart slugs
  20 orcs
  11 ball pythons
  9 endoplasms
  7 giant cockroaches
  8 goblins
  6 hobgoblins
  7 quokkas
  12 bats
  A frilled lizard (D:3)
  23 kobolds
  8 rats
231 creatures vanquished.

Vanquished Creatures (collateral kills)
  A komodo dragon (D:11)
  A wyvern (D:9)
  2 yaks
  A wraith (D:9)
  2 orc warriors
  A lemure (D:9)
  A gnoll sergeant (D:10)
  A wight (D:9)
  4 killer bees
  An orc wizard (D:11)
  4 gnolls
  6 orcs
25 creatures vanquished.

Vanquished Creatures (others)
  3 battlemagi
  An ancestor (D:9)
4 creatures vanquished.

Grand Total: 260 creatures vanquished

Notes
Turn   | Place    | Note
-------+----------+-------------------------------------------
     0 | D:1      | croobank the Felid Fighter began the quest for the Orb.
     0 | D:1      | Reached XP level 1. HP: 10/10 MP: 2/2
   201 | D:1      | Reached XP level 2. HP: 14/14 MP: 3/3
   844 | D:2      | Reached XP level 3. HP: 17/17 MP: 4/4
  1353 | D:2      | Reached skill level 5 in Dodging
  1353 | D:2      | Reached XP level 4. HP: 22/22 MP: 5/5
  2218 | D:3      | Found a shimmering blue altar of Sif Muna.
  2352 | D:3      | Noticed an ice beast
  2478 | D:3      | Killed an ice beast
  2479 | D:3      | Reached skill level 5 in Unarmed Combat
  2479 | D:3      | Reached XP level 5. HP: 5/25 MP: 6/6
  2873 | D:3      | Found a white marble altar of Elyvilon.
  2885 | D:3      | Found an ancient bone altar of Kikubaaqudgha.
  3032 | D:3      | Gained mutation: You are covered in thick fur. (AC +2)
                  | [Felid growth]
  3032 | D:3      | Reached XP level 6. HP: 13/29 MP: 7/7
  3361 | D:4      | Reached skill level 1 in Shapeshifting
  3439 | D:4      | Reached skill level 5 in Fighting
  3482 | D:4      | Found an opulent altar of Gozag.
  3909 | D:5      | Entered Level 5 of the Dungeon
  3936 | D:5      | Reached XP level 7. HP: 26/33 MP: 8/8
  4333 | D:5      | Noticed Edmund
  4938 | D:6      | Noticed Blork the orc
  4945 | D:6      | Killed Blork the orc
  4946 | D:6      | Reached XP level 8. HP: 19/38 MP: 9/9
  5059 | D:6      | Identified a scroll of acquirement
  5059 | D:6      | Acquired a manual of Fighting
  5234 | D:6      | Found a shadowy altar of Dithmenos.
  5497 | D:6      | Found an ornate altar of the Wu Jian Council.
  5588 | D:6      | Noticed Prince Ribbit
  5605 | D:6      | Demolished by Prince Ribbit
  5633 | D:6      | Killed Prince Ribbit
  5684 | D:6      | Found Tuun's Armour Shop.
  6292 | D:7      | Noticed Dowan
  6293 | D:7      | Noticed Duvessa
  6297 | D:7      | Killed Dowan
  6306 | D:7      | Killed Duvessa
  6307 | D:7      | Reached XP level 9. HP: 17/44 MP: 10/10
  6563 | D:7      | Found a staircase to the Ecumenical Temple.
  6621 | Temple   | Entered the Ecumenical Temple
  6634 | Temple   | Became a worshipper of Hepliaklqana the Forgotten
  6790 | D:7      | Found a stormy altar of Qazlal.
  6936 | Temple   | Reached skill level 5 in Shapeshifting
  6964 | Temple   | Reached skill level 1 in Invocations
  7612 | D:8      | Reached * piety under Hepliaklqana
  8042 | D:8      | Found a hide-covered altar of Uskayaw.
  9209 | D:9      | Killed by an exploding killer bee... ignited by their inner
                  | flame
  9267 | D:9      | Noticed a troll
  9278 | D:9      | Reached skill level 10 in Dodging
  9278 | D:9      | Reached XP level 10. HP: 41/44 MP: 14/14
  9442 | D:9      | Noticed Maurice
  9455 | D:9      | Killed Maurice
  9624 | D:9      | Noticed Pikel
  9636 | D:9      | Killed Pikel
  9637 | D:9      | Reached skill level 5 in Invocations
  9724 | D:9      | Reached ** piety under Hepliaklqana
  9725 | D:9      | Remembered your ancestor Lucius as a battlemage
  9925 | D:10     | Entered Level 10 of the Dungeon
 10023 | D:10     | Found a broken altar of Ashenzari.
 10072 | D:10     | Reached skill level 10 in Fighting
 10230 | D:10     | Noticed a two-headed ogre
 10240 | D:10     | Killed a two-headed ogre
 10661 | D:10     | Found Jadoy's Armour Boutique.
 10676 | D:10     | Reached XP level 11. HP: 47/49 MP: 16/16
 10792 | D:10     | Noticed a two-headed ogre
 10799 | D:10     | Killed a two-headed ogre
 10943 | D:11     | Identified the "Meazol"
 10943 | D:11     | Reached *** piety under Hepliaklqana
 11076 | D:11     | Noticed a death yak
 11085 | D:11     | Noticed a death yak
 11087 | D:11     | Noticed a death yak
 11093 | D:11     | Mangled by a death yak
 11110 | D:11     | Killed a death yak
 11116 | D:11     | Killed a death yak
 11126 | Gauntlet | Identified the of Ylouschot
 11260 | D:11     | Noticed a centaur warrior
 11260 | D:11     | Noticed a fire dragon
 11260 | D:11     | Noticed a deep elf pyromancer
 11284 | D:11     | Mangled by a centaur warrior simulacrum
 11311 | D:11     | Killed a deep elf pyromancer
 11312 | D:11     | Killed from afar by a fire dragon

Illustrated notes

Levels and vault maps discovered:
D:1:      lemuel_arrival_behind_the_door_large, layout_loops_ring,
          palyth_stone_intersect, hangedman_decor_push, nicolae_hexahallways
D:2:      layout_loops_cross, grunt_ministairs_10
D:3:      layout_basic, lemuel_tele_altar, mainiacjoe_overflow_swirl,
          minmay_divided_ellipse
D:4:      layout_gridville, nicolae_gozag_cash_rules_everything_around_me
D:5:      layout_cave_pools, uniq_edmund
D:6:      layout_loops_cross, mainiacjoe_overflow_boulevard, lemuel_round_altar,
          serial_shops, kennysheep_little_box, uniq_blork_the_orc,
          uniq_prince_ribbit1
D:7:      layout_basic, nicolae_qazlal_scattered_showers, temple_doors_e,
          enter_bailey_3, uniq_duvessa
D:8:      layout_basic, kennysheep_mini, serial_corexii_hall,
          corexii_hall_statues_x, chequers_hall_statues_y
D:9:      layout_long_grid, uniq_maurice, uniq_pikel
D:10:     layout_basic, evilmike_ruin_ashenzari, serial_shops, shop,
          hangedman_decor_growths, kennysheep_generic_room_5
D:11:     minmay_shrinking_squares, layout_rooms, dpeg_lair_monsters
D:12:     minmay_tile_spiral, layout_irregular_city, gauntlet_entry_generic,
          nicolae_trove_entry_diagonal
Temple:   compressed_dpeg_triangle_lava_temple

Skill      XL: |  1  2  3  4  5  6  7  8  9 10 11 |
---------------+----------------------------------+-----
Dodging        | 5 6 7 9 10 11 | 11.5
Fighting       | 4 5 7 9 10 11 | 11.2
Unarmed Combat | 5 6 7 8 9 |  9.2
Shapeshifting  | 1 3 4 6 8 9 |  9.1
Invocations    | 4 6 7 |  7.5

Action                     |  1- 3 |  4- 6 |  7- 9 | 10-12 || total
---------------------------+-------+-------+-------+-------++-------
  Melee: Unarmed           |   111 |   203 |   317 |   171 ||   802
         Bite              |     8 |    18 |    31 |    27 ||    84
         Punch             |     1 |     6 |    11 |       ||    18
 Invoke: Recall Ancestor   |       |       |       |     1 ||     1
         Ancestor Life: Ba |       |       |       |     1 ||     1
         Ancestor Identity |       |       |       |     1 ||     1
  Evoke: Wand              |       |       |     9 |    19 ||    28
    Use: Scroll            |       |     4 |    12 |     5 ||    21
         Potion            |       |     1 |     3 |     1 ||     5
   Stab: Sleeping          |     6 |     5 |     2 |       ||    13
         Distracted        |       |     1 |       |     2 ||     3
         Paralysed         |       |       |       |     5 ||     5
 Armour: Skin              |    17 |    42 |    92 |    64 ||   215
  Dodge: Dodged            |    89 |   185 |   258 |   174 ||   706
   Form: Flux              |       |       |     1 |       ||     1

Table legend: (Time is in decaauts)
 A = Elapsed time spent in this place.
 B = Non-inter-level travel time spent in this place.
 C = Inter-level travel time spent in this place.
 D = Time resting spent in this place.
 E = Time spent auto-exploring this place.
 F = Levels seen in this place.
 G = Mean time per level.
                   A        B        C        D        E       F      G
               +--------+--------+--------+--------+--------+-----+--------+
         Total |   9890 |   9523 |    367 |   2619 |   4681 |  13 |  760.8 |
       Dungeon |   9841 |   9494 |    347 |   2600 |   4681 |  12 |  820.1 |
        Temple |     49 |     29 |     20 |     19 |      0 |   1 |   49.0 |
               +--------+--------+--------+--------+--------+-----+--------+

Top non-repeatable levels by time:
     D:8: 1379 daAuts
     D:7: 1238 daAuts
     D:3: 1134 daAuts
    D:10: 960 daAuts
     D:2: 889 daAuts
     D:6: 887 daAuts
     D:9: 863 daAuts
     D:5: 808 daAuts
     D:4: 766 daAuts
     D:1: 689 daAuts
    D:11: 214 daAuts
  Temple: 49 daAuts
    D:12: 9 daAuts
